 Dungeon Crawl Stone Soup version 0.30-a0-6-g7c9e10e132 (webtiles) character file.

Game seed: 17918148165542942735

228 mgp the Cutter (level 5, -2/46 HPs)
             Began as a Minotaur Gladiator on Aug 22, 2022.
             Was a Follower of Ashenzari.
             Slain by Adrian566's ghost (6 damage)
             ... on level 3 of the Dungeon.
             The game lasted 00:17:30 (2957 turns).

mgp the Cutter (Minotaur Gladiator)                 Turns: 2957, Time: 00:17:30

Health: -2/46      AC: 12    Str: 18    XL:     5   Next: 70%
Magic:  4/4        EV: 11    Int:  5    God:    Ashenzari [*.....]
Gold:   198        SH:  0    Dex: 14    Spells: 4/4 levels left

rFire   . . .      SeeInvis .    a - +1 rapier of the Shackled Seer {Self, Melee} (curse)
rCold   . . .      Faith    .    (no shield)
rNeg    . . .      Spirit   .    i - +0 scale mail of Ashenzari's Soothsayer {Melee, Fort} (curse)
rPois   .          Reflect  .    c - +0 hat
rElec   .          Harm     .    (no cloak)
rCorr   .          Rampage  .    q - +0 pair of gloves
Will    .....                    (no boots)
Stlth   ..........               (no amulet)
HPRegen 0.15/turn                s - +4 ring of protection
MPRegen 0.09/turn                f - ring of flight

@: flying
A: horns 2, retaliatory headbutt
a: Renounce Religion, Curse Item, Shatter the Chains


You were on level 3 of the Dungeon.
You worshipped Ashenzari.
Ashenzari was aware of your devotion.
You visited 1 branch of the dungeon, and saw 3 of its levels.

You collected 198 gold pieces.

Inventory:

Hand Weapons
 a - the cursed +1 rapier of the Shackled Seer (weapon) {Self, Melee}

   It has a curse which improves the following skills: Introspection: Fighting
   and Spellcasting.
   Melee Combat: Short Blades, Long Blades, Axes, Maces & Flails, Polearms,
   Staves and Unarmed Combat.
 k - a +0 sling
 n - a +2 hammer of holy wrath
Missiles
 d - 3 throwing nets
 e - a javelin
 l - 15 stones
Armour
 b - a +0 leather armour
 c - a +0 hat (worn)
 i - the cursed +0 scale mail of Ashenzari's Soothsayer (worn) {Melee, Fort}
   (You found it on level 1 of the Dungeon)

   It has a curse which improves the following skills: Melee Combat: Short
   Blades, Long Blades, Axes, Maces & Flails, Polearms, Staves and Unarmed
   Combat.
   Fortitude: Armour and Shields.
 q - a +0 pair of gloves (worn)
Jewellery
 f - a ring of flight (right hand)
 s - a +4 ring of protection (left hand)
Scrolls
 j - a scroll of identify
 p - a scroll of teleportation
 r - a scroll of silence
 t - a scroll of brand weapon
Potions
 g - 4 potions of heal wounds
 h - a potion of magic
 o - a potion of cancellation


   Skills:
 + Level 3.3(4.1) Fighting
 + Level 5.1(6.4) Short Blades
 + Level 2.2 Throwing
 + Level 2.6(3.4) Armour
 + Level 4.4 Dodging
 + Level 0.4 Stealth


You had 4 spell levels left.
You didn't know any spells.
Your spell library was empty.

Dungeon Overview and Level Annotations

Branches:
Dungeon (3/15)

Altars:
Ashenzari
Kikubaaqudgha
Qazlal

Annotations:
D:3 Adrian566's ghost, amateur GrFi


Innate Abilities, Weirdness & Mutations

You have a pair of horns on your head.
You reflexively headbutt those who attack you in melee.


Message History

Adrian566's ghost is moderately damaged.
You flicker for a moment.
The kobold zaps a wand.
The kobold evaporates and reforms as a jackal!
Adrian566's ghost hits you!
* * * LOW HITPOINT WARNING * * *
You hit Adrian566's ghost but do no damage.
You headbutt Adrian566's ghost, but do no damage.
Adrian566's ghost is moderately damaged.
Adrian566's ghost hits you.
* * * LOW HITPOINT WARNING * * *
You catch the helpless Adrian566's ghost completely off-guard!
You hit Adrian566's ghost but do no damage.
Adrian566's ghost is moderately damaged.
Adrian566's ghost hits you but does no damage.
You hit Adrian566's ghost.
Adrian566's ghost is moderately damaged.
Adrian566's ghost closely misses you.
You completely miss Adrian566's ghost.
Adrian566's ghost is moderately damaged.
Adrian566's ghost hits you but does no damage.
You catch the helpless Adrian566's ghost completely off-guard!
You hit Adrian566's ghost.
Adrian566's ghost is heavily damaged.
Adrian566's ghost closely misses you.
You strike the helpless Adrian566's ghost from behind!
You puncture Adrian566's ghost!
Adrian566's ghost is almost destroyed.
Adrian566's ghost misses you.
You hit Adrian566's ghost but do no damage.
Adrian566's ghost is almost destroyed.
You flicker back into view.
Adrian566's ghost hits you but does no damage.
You hit Adrian566's ghost but do no damage.
Your headbutt misses Adrian566's ghost.
Adrian566's ghost is almost destroyed.
You hit Adrian566's ghost but do no damage.
Adrian566's ghost is almost destroyed.
Adrian566's ghost hits you.
You die...

#.##.8.# #.#..... ##### ##
##.'.###.. #...########.
##..K$....)# #.#..........
#..K'.###..###............
#...#WK...##...........##.
####...##.8.#####..######.##.
#.......########○.°# #.##.
####.##.°..KKhW@..○○..# #.##.
##.##.##...○K.K#####..°#
#.... #.........☼..○.# ###.#
##### ##.##.########## #.#
#†##.# #.# #.##.# #.# #.##.#
#.# #.##.# #.# #.##.#### #.#


You could see Adrian566's ghost, a jackal and 4 kobolds.

Vanquished Creatures
  A kobold brigand (D:3)
  Crazy Yiuf (D:3)
  6 adders
  A worm (D:3)
  A dart slug (D:3)
  3 orcs (D:3)
  4 endoplasms
  3 giant cockroaches
  5 goblins
  4 hobgoblins
  13 jackals
  2 quokkas
  7 ball pythons
  4 bats
  4 frilled lizards
  12 kobolds
  7 rats
78 creatures vanquished.

Vanquished Creatures (others)
  4 fungi (D:3)
4 creatures vanquished.

Grand Total: 82 creatures vanquished

Notes
Turn   | Place    | Note
-------+----------+-------------------------------------------
     0 | D:1      | mgp the Minotaur Gladiator began the quest for the Orb.
     0 | D:1      | Reached XP level 1. HP: 18/18 MP: 0/0
   260 | D:1      | Reached XP level 2. HP: 25/25 MP: 1/1
   741 | D:1      | Found a faded altar of an unknown god.
   878 | D:2      | Reached XP level 3. HP: 30/30 MP: 2/2
   899 | D:2      | Reached skill level 1 in Armour
   937 | D:2      | Reached skill level 4 in Short Blades
  1094 | D:1      | Prayed at the altar of an unknown god.
  1094 | D:1      | Became a worshipper of Ashenzari the Shackled
  1212 | D:2      | Reached XP level 4. HP: 33/37 MP: 3/3
  1392 | D:2      | Found an ancient bone altar of Kikubaaqudgha.
  1938 | D:3      | Found a runed translucent door.
  1939 | D:3      | Noticed Crazy Yiuf
  1950 | D:3      | Killed Crazy Yiuf
  2317 | D:3      | Found a runed translucent gate.
  2317 | D:3      | Found a runed translucent gate.
  2317 | D:3      | Found a runed translucent gate.
  2320 | D:3      | Noticed Adrian566's ghost (amateur GrFi)
  2320 | D:3      | Noticed a kobold brigand
  2336 | D:3      | Reached XP level 5. HP: 37/45 MP: 4/4
  2462 | D:3      | Reached * piety under Ashenzari
  2536 | D:3      | Found a stormy altar of Qazlal.
  2947 | D:3      | Reached skill level 5 in Short Blades
  2957 | D:3      | Slain by Adrian566's ghost

Illustrated notes

Levels and vault maps discovered:
D:1:      scummos_arrival_simple_fountains, layout_rooms,
          hellmonk_ecumenical_altar_defaced_shrine, minmay_pentomino_p2
D:2:      wander_river, layout_rooms, basic_altar, st_stairs_3
D:3:      layout_loops_ring, mainiacjoe_overflow_surrounded_room,
          gammafunk_ghost_nasty_kobolds, uniq_crazy_yiuf_cottage

Skill      XL: |  1  2  3  4  5 |
---------------+----------------+-----
Armour         | 1 2 |  2.6
Dodging        | 4 |  4.4
Short Blades   | 4 5 |  5.1
Fighting       | 3 |  3.3
Throwing       | |  2.2
Stealth        | |  0.4

Action                   |  1- 3 |  4- 6 || total
-------------------------+-------+-------++-------
Melee: Rapier            |    79 |   120 ||   199
       Headbutt          |     5 |    19 ||    24
       Punch             |     2 |     2 ||     4
Invok: Curse Item        |     1 |     1 ||     2
  Use: Scroll            |     6 |     5 ||    11
       Potion            |     4 |       ||     4
 Stab: Invisible         |       |     5 ||     5
Armor: Leather armour    |     5 |       ||     5
       Scale mail        |    34 |    80 ||   114
Dodge: Dodged            |    71 |    90 ||   161

Table legend: (Time is in decaauts)
 A = Elapsed time spent in this place.
 B = Non-inter-level travel time spent in this place.
 C = Inter-level travel time spent in this place.
 D = Time resting spent in this place.
 E = Time spent auto-exploring this place.
 F = Levels seen in this place.
 G = Mean time per level.
                   A        B        C        D        E       F      G
               +--------+--------+--------+--------+--------+-----+--------+
         Total |   2947 |   2873 |     74 |    472 |    548 |   3 |  982.3 |
       Dungeon |   2947 |   2873 |     74 |    472 |    548 |   3 |  982.3 |
               +--------+--------+--------+--------+--------+-----+--------+

Top non-repeatable levels by time:
     D:3: 1145 daAuts
     D:1: 1062 daAuts
     D:2: 739 daAuts
